 Dungeon Crawl Stone Soup version 0.31-a0-164-g2312942fda (webtiles) character file.

Game seed: 16305629156539790771

58 qw the Shooter (level 4, 0/27 HPs)
             Began as a Gargoyle Hunter on June 13, 2023.
             Slain by an orc priest
             ... wielding a +0 trident
              (2 damage)
             ... on level 3 of the Dungeon.
             The game lasted 00:00:34 (1198 turns).

qw the Shooter (Gargoyle Hunter)                    Turns: 1198, Time: 00:00:34

Health: 0/27       AC:  8    Str: 14    XL:     4   Next: 2%
Magic:  4/4        EV: 10    Int: 10    God:
Gold:   91         SH:  0    Dex: 15    Spells: 3/3 levels left

rFire   . . .        Y - +0 shortbow
rCold   . . .        (shield currently unavailable)
rNeg    + . .        j - +0 ring mail
rPois   inf          (no helmet)
rElec   +            (no cloak)
rCorr   .            (no gloves)
SInv    .            (no boots)
Will    .....        (no amulet)
Stlth   +            (no ring)
HPRegen 0.24/turn    (no ring)
MPRegen 0.09/turn

%: no passive effects
@: no status effects
A: sickness immunity, AC +3, negative energy resistance 1, electricity
resistance, torment resistance 1, petrification resistance
a: no special abilities


You were on level 3 of the Dungeon.
You visited 1 branch of the dungeon, and saw 3 of its levels.

You collected 91 gold pieces.


Innate Abilities, Weirdness & Mutations

You are immune to sickness and miasma.
Your stone body is resilient. (AC +3)
You are immune to poison.
You resist negative energy. (rN+)
You are resistant to electric shocks. (rElec)
You are resistant to unholy torment.
You are immune to petrification.


   Skills:
 + Level 2.7 Fighting
 - Level 5.1 Ranged Weapons
 - Level 1.0 Armour
 - Level 1.5 Dodging
 - Level 1.1 Stealth


You had 3 spell levels left.
You didn't know any spells.
Your spell library was empty.

Inventory:

Hand Weapons
 Y - a +0 shortbow (weapon)
Armour
 j - a +0 ring mail (worn)
Scrolls
 d - a scroll of identify
 f - a scroll of enchant armour
 i - a scroll of amnesia {unknown}
Potions
 a - a potion of brilliance {unknown}
 b - a potion of curing {unknown}
 c - a potion of magic {unknown}
 e - a potion of mutation {unknown}
 g - a potion of might {unknown}
 h - a potion of haste {unknown}

Dungeon Overview and Level Annotations

Branches:
Dungeon (3/15)

Altars:
Hepliaklqana


Message History

The slug dart hits you but does no damage.
You shoot an arrow.
The arrow hits the dart slug but does no damage.
You shoot an arrow. The arrow hits the dart slug!
The dart slug is almost dead.
You shoot an arrow. The arrow hits the dart slug.
You kill the dart slug!
You see here the +2 hand axe "Cafrurik" {freeze, *Slow rElec Dex+3}.
You see here the +2 hand axe "Cafrurik" {freeze, *Slow rElec Dex+3}.
You see here a +0 war axe.
i - a scroll labelled FUULE BIOGESARR An orc comes into view.
It is wielding a +0 mace.
The orc shouts!
You hear a shout! x2
You shoot an arrow. The arrow hits the orc.
The orc is lightly wounded.
You shoot an arrow. The arrow hits the orc.
You kill the orc!
An orc priest comes into view. It is wielding a +0 trident.
You shoot an arrow.
The arrow closely misses the orc priest.
You shoot an arrow. The arrow barely misses the orc priest.
An orc comes into view. It is wielding a +0 short sword.
The orc priest calls down the wrath of Beogh upon you.
Beogh smites you!
Ouch! That really hurt!
You shoot an arrow.
The arrow hits the orc but does no damage.
You shoot an arrow. The arrow hits the orc!
You kill the orc!
A quokka comes into view.
You have reached level 4!
You feel clever.
You shoot an arrow. The arrow hits the orc priest.
The orc priest is moderately wounded.
You shoot an arrow. The arrow barely misses the orc priest.
The orc priest hits you from afar with a +0 trident!
You shoot an arrow. The arrow hits the orc priest.
The orc priest is heavily wounded.
The orc priest closely misses you.
The orc priest hits you from afar with a +0 trident.
You die...

##....).......##...
##....).....## ....
########..### ....
#####...##....
#.............
#.............
#..........)..
#.......r..##
#.....@.o..#
####^#####.# #..#
.# #...# . #.#.#
#.#.# #.#.# # ...


You could see an orc priest and a quokka.

Vanquished Creatures
  An adder (D:2)
  A worm (D:2)
  4 dart slugs
  2 orcs (D:3)
  3 ball pythons
  2 endoplasms
  3 giant cockroaches
  5 goblins
  5 hobgoblins
  4 kobolds
  A quokka (D:2)
  A frilled lizard (D:1)
32 creatures vanquished.

Notes
Turn   | Place    | Note
-------+----------+-------------------------------------------
     0 | D:1      | qw the Gargoyle Hunter began the quest for the Orb.
     0 | D:1      | Reached XP level 1. HP: 12/12 MP: 1/1
     0 | D:1      | 0 ||| qw: Version: 0.2-a-29-gc1b59c4
     0 | D:1      | 0 ||| qw: Game counter: 4512
     0 | D:1      | 0 ||| qw: Always use a shield: true
     0 | D:1      | 0 ||| qw: God list: Okawaru
     0 | D:1      | 0 ||| qw: Allow faded altars: false
     0 | D:1      | 0 ||| qw: Do Orc after D:15 true
     0 | D:1      | 0 ||| qw: Do second Lair branch before Depths: true
     0 | D:1      | 0 ||| qw: Lair rune preference: random
     0 | D:1      | 0 ||| qw: Plans: Normal, Zot:1-4, Slime:5, God:TSO, Crypt,
                  | Tomb, Abyss, Pan, Hells, Win
     0 | D:1      | 0 ||| PLANNING D:1-11
   189 | D:1      | Reached XP level 2. HP: 17/17 MP: 2/2
   405 | D:1      | 405 ||| DROPPING scarf of harm.
   406 | D:1      | 406 ||| UPGRADING to +0 ring mail.
   416 | D:1      | 416 ||| DROPPING +0 leather armour.
   417 | D:1      | 417 ||| DROPPING ring of wizardry.
   418 | D:1      | 418 ||| READING scroll labelled QUOCITI SUOGGE.
   419 | D:1      | 419 ||| READING 2 scrolls labelled JIWEUV GEOM.
   420 | D:1      | 420 ||| READING scroll labelled ZUYLE WUPNE.
   425 | D:1      | 425 ||| READING 2 scrolls labelled FUFARIOMUP.
   426 | D:1      | 426 ||| DRINKING 2 fuming golden potions.
   427 | D:1      | 427 ||| DROPPING scroll of butterflies.
   428 | D:1      | 428 ||| DROPPING scroll of immolation.
   455 | D:2      | 455 ||| STAIRDANCE
   459 | D:1      | HP: 4/17 [dart slug/slug dart (5)]
   460 | D:1      | 460 ||| DRINKING potion of heal wounds.
   589 | D:2      | Reached skill level 1 in Armour
   756 | D:2      | Found a hazy altar of Hepliaklqana.
   775 | D:2      | Reached XP level 3. HP: 21/21 MP: 3/3
  1003 | D:2      | Reached skill level 5 in Ranged Weapons
  1135 | D:2      | 1135 ||| READING 2 scrolls labelled ZATZIW LEUMAUSS.
  1174 | D:3      | Identified the +2 hand axe "Cafrurik" {freeze, *Slow rElec
                  | Dex+3}
  1196 | D:3      | Reached XP level 4. HP: 9/27 MP: 4/4
  1197 | D:3      | HP: 2/27 [orc priest/+0 trident (8)]
  1198 | D:3      | Slain by an orc priest

Levels and vault maps discovered:
D:1:      amcnicky_arrival_flooded_fountain, layout_rooms
D:2:      minmay_angry_zag, layout_loops_ring, basic_altar
D:3:      layout_rooms, uniq_sigmund

Skill      XL: |  1  2  3 |
---------------+----------+-----
Armour         | 1 |  1.0
Ranged Weapons | 5 |  5.1
Fighting       | |  2.7
Dodging        | |  1.5
Stealth        | |  1.1

Action                     |  1- 3 |  4- 6 || total
---------------------------+-------+-------++-------
   Fire: Shortbow          |   121 |     3 ||   124
    Use: Scroll            |     5 |       ||     5
         Potion            |     2 |       ||     2
 Armour: Ring mail         |    32 |       ||    32
  Dodge: Dodged            |    40 |     1 ||    41

Table legend:
 A = Non-vault XP
 B = Vault XP
 C = Vault XP percentage of total XP
 D = Non-vault monster count
 E = Vault monster count
 F = Vault count percentage of total count
                 A         B        C        D         E       F
            +---------+---------+-------+---------+---------+-------
      Total |      57 |      27 |  32.1 |      25 |       7 |  21.9
            +---------+---------+-------+---------+---------+-------
        D:1 |      22 |       0 |   0.0 |      11 |       0 |   0.0
        D:2 |      21 |      27 |  56.2 |      10 |       7 |  41.2
        D:3 |      14 |       0 |   0.0 |       4 |       0 |   0.0
            +---------+---------+-------+---------+---------+-------
